 Dungeon Crawl Stone Soup version 0.19.0 (webtiles) character file.

175 Buncs the Conjurer (level 5, -17/40 HPs)
             Began as a Draconian Conjurer on Nov 9, 2016.
             Was an Initiate of Sif Muna.
             Killed from afar by an orc (36 damage)
             ... with an exploding inner flame
             ... hexed by the player character
             ... on level 3 of the Dungeon.
             The game lasted 00:26:15 (2304 turns).

Buncs the Conjurer (Draconian Conjurer)             Turns: 2304, Time: 00:26:16

Health: -17/40     AC:  5    Str: 11    XL:     5   Next: 29%
Magic:  0/9        EV: 12    Int: 16    God:    Sif Muna [......]
Gold:   68         SH:  0    Dex:  9    Spells: 2 memorised, 6 levels left

rFire  . . .     SeeInvis .     c - +1 hand axe (flame)
rCold  . . .     Gourm    .     (armour unavailable)
rNeg   . . .     Faith    .     (no shield)
rPois  .         Spirit   .     (helmet restricted)
rElec  .         Reflect  .     (no cloak)
rCorr  .         Harm     .     (no gloves)
MR     +....                    (no boots)
Stlth  ++........               (no amulet)
                                x - ring of flight
                                v - ring of protection from magic

@: no status effects
A: unfitting armour, clumsy 1, mutation resistance 1, cold-blooded, AC +5
a: Renounce Religion, Evoke Flight


You were on level 3 of the Dungeon.
You worshipped Sif Muna.
Sif Muna was noncommittal.
You were not hungry.

You visited 1 branch of the dungeon, and saw 3 of its levels.

You collected 68 gold pieces.

Inventory:

Hand Weapons
 c - a +1 hand axe of flaming (weapon)
 e - a +0 club
 o - a +0 dagger
 r - a +0 hunting sling
Missiles
 b - 17 sling bullets
Armour
 p - a +0 animal skin
Jewellery
 v - a ring of protection from magic (left hand)
 x - a ring of flight (right hand)
Scrolls
 g - 2 scrolls of identify
 h - a scroll of enchant weapon
 m - a scroll of amnesia {unknown}
 q - a scroll of teleportation
 w - a scroll of fear {unknown}
Potions
 t - 2 potions of cure mutation {unknown}
 u - a potion of agility {unknown}
Books
 a - a book of Conjurations

   Spells                             Type                      Level
   a - Magic Dart                     Conjuration                  1
   b - Searing Ray                    Conjuration                  2
   c - Dazzling Spray                 Conjuration/Hexes            3
   d - Fulminant Prism                Conjuration/Hexes            4
   e - Iskenderun's Mystic Blast      Conjuration                  4
   f - Iskenderun's Battlesphere      Conjuration/Charms           5
 n - a book of Minor Magic

   Spells                             Type                      Level
   a - Magic Dart                     Conjuration                  1
   b - Blink                          Translocation                2
   c - Call Imp                       Summoning                    2
   d - Repel Missiles                 Charms/Air                   2
   e - Slow                           Hexes                        2
   f - Conjure Flame                  Conjuration/Fire             3
   g - Mephitic Cloud                 Conjuration/Poison/Air       3
Comestibles
 i - a meat ration
 j - a royal jelly
 l - 2 bread rations
 s - 2 slices of pizza


   Skills:
 + Level 1.3 Fighting
 + Level 0.2(1.0) Axes
 + Level 1.7 Maces & Flails
 + Level 2.2 Dodging
 + Level 2.3 Stealth
 + Level 0.4 Unarmed Combat
 + Level 2.6 Spellcasting
 + Level 5.1 Conjurations


You had 6 spell levels left.
You knew the following spells:

 Your Spells              Type           Power        Failure   Level  Hunger
a - Magic Dart            Conj           ###.         2%          1    #......
b - Searing Ray           Conj           ###...       4%          2    ##.....


Dungeon Overview and Level Annotations

Branches:
Dungeon (3/15)

Altars:
Ashenzari
Sif Muna
Trog
Zin
The Shining One


Innate Abilities, Weirdness & Mutations

Your plain brown scales are hard. (AC +5)
You cannot fit into any form of body armour.
You are cold-blooded and may be slowed by cold attacks.
You are clumsy. (Dex -2)
You are somewhat resistant to further mutation.


Message History

You closely miss the orc.
The orc is heavily wounded.
The orc closely misses you.
Casting: Searing Ray
Confirm with . or Enter, or press ? or * to list all spells.
Aiming: Searing Ray
Press: ? - help, Shift-Dir - straight line, f - orc wizard
Aim: an orc wizard, wielding a dagger and wearing a robe (heavily wounded, fast)
The searing ray misses the orc.
The searing ray hits the orc wizard.
The orc wizard is severely wounded.
The orc hits you with a short sword.
The searing ray misses the orc.
The searing ray hits the orc wizard.
The orc wizard is almost dead.
The orc wizard gestures wildly while chanting.
The orc wizard blinks!
The orc hits you with a short sword.
You slash the orc! You burn the orc.
The orc explodes!
The fiery explosion engulfs you!
Ouch! That really hurt!
You die...

# # ####### # #.....# #
#.....# # #.....#### #
###.#....## # #...##..# #
###.###.# # #.# #@# #
#.###§## ## #..##§§# # .#
##.###.# #######.#
#..##o####### ........#
##.##.....>.# ........##
#.)##....>.#
........o######.o.......#
..........o.....oo#.....#


You could see an orc wizard.

Vanquished Creatures
  An orc priest (D:3)
  2 gnolls (D:3)
  5 adders
  An ooze (D:1)
  4 worms
  3 dart slugs
  2 leopard geckos
  3 orcs (D:3)
  8 bats
  2 giant cockroaches (D:1)
  5 goblins
  6 hobgoblins
  2 quokkas (D:2)
  2 frilled lizards (D:1)
  5 kobolds
  9 rats
60 creatures vanquished.

Notes
Turn   | Place    | Note
-------+----------+-------------------------------------------
     0 | D:1      | Buncs the Draconian Conjurer began the quest for the Orb.
     0 | D:1      | Reached XP level 1. HP: 14/14 MP: 3/3
   166 | D:1      | Reached XP level 2. HP: 20/20 MP: 3/5
   272 | D:1      | Learned a level 2 spell: Searing Ray
   722 | D:2      | Reached XP level 3. HP: 26/26 MP: 3/6
   940 | D:2      | Found a shattered altar of Ashenzari.
   979 | D:2      | Found a bloodstained altar of Trog.
  1262 | D:2      | Found a deep blue altar of Sif Muna.
  1299 | D:2      | Reached skill level 1 in Maces & Flails
  1299 | D:2      | Reached XP level 4. HP: 20/34 MP: 1/7
  1353 | D:2      | Reached skill level 1 in Fighting
  1358 | D:2      | Became a worshipper of Sif Muna the Loreminder
  1507 | D:2      | Found a glowing silver altar of Zin.
  1655 | D:3      | Reached skill level 5 in Conjurations
  1682 | D:3      | Found a glowing golden altar of the Shining One.
  1785 | D:3      | Gained mutation: You are somewhat resistant to further mutation. [potion of beneficial mutation]
  1838 | D:3      | Gained mutation: You are clumsy. (Dex -2) [potion of mutation]
  1867 | D:3      | Reached XP level 5. HP: 40/40 MP: 2/8
  2304 | D:3      | Killed from afar by an orc

Skill      XL: |  1  2  3  4 |
---------------+-------------+-----
Dodging        | 2 |  2.2
Maces & Flails | 1 |  1.7
Fighting       | 1 |  1.3
Conjurations   | 5 |  5.1
Stealth        | 2 |  2.3
Axes           | |  0.2
Unarmed Combat | |  0.4
Spellcasting   | |  2.6

Action                   |  1- 3 |  4- 6 || total
-------------------------+-------+-------++-------
Melee: Unarmed           |     8 |       ||     8
       Club              |    58 |    16 ||    74
       Tailslap          |     4 |     1 ||     5
       Hand axe          |       |    15 ||    15
 Cast: Magic Dart        |    43 |    34 ||    77
       Searing Ray       |     7 |    10 ||    17
  Use: Potion            |       |     4 ||     4
       Scroll            |       |     8 ||     8
 Stab: Sleeping          |       |     1 ||     1
  Eat: Bread ration      |     1 |       ||     1
       Meat ration       |       |     1 ||     1
Armor: Skin              |    23 |    19 ||    42
Dodge: Dodged            |    62 |    41 ||   103
